[Event "*** SCC Grand Prix: Titled Tuesday Blitz"]
[Site "Chess.com"]
[Date "2020.07.14"]
[Round "3"]
[White "Sychev_Klementy"]
[Black "if_name_main_a"]
[Result "1-0"]
[WhiteElo "2732"]
[BlackElo "2429"]
[TimeControl "180+1"]
[EndTime "10:28:50 PDT"]
[Termination "Sychev_Klementy won by checkmate"]

1. e4 e6 2. d4 d5 3. Nd2 c5 4. exd5 Qxd5 5. Ngf3 cxd4 6. Bc4 Qd7 7. O-O Nc6 8. Nb3 a6 9. Nbxd4 Nxd4 10. Nxd4 Bd6 11.
Qg4 Qc7 12. Bb3 Bxh2+ 13. Kh1 Be5 14. Nf3 Bf6 15. Re1 Ne7 16. Bg5 Bxb2 17. Rad1 Ng6 18. Rd8+ Qxd8 19. Bxd8 Kxd8 20. Ng5 Ke8 21. Qf3 Bf6 22.
Ba4+ Kf8 23. Ne4 Be7 24. Rd1 b5 25. Nd6 Bxd6 26. Qxa8 Ke7 27. Bb3 Rd8 28. Qa7+ Rd7 29. Qe3 Bb7 30. a4 Nf4 31. f3 Ng6 32. axb5 axb5 33.
Qb6 Ba8 34. Rxd6 Rxd6 35. Qa7+ Kf6 36. Qxa8 Kg5 37. Qe4 Rd1+ 38. Kh2 Nf4 39. Qe5+ f5 40. Qxg7+ Ng6 41. Bxe6 Rd6 42. Bb3 Rd4 43. Kg1 Rd1+ 44. Kf2 f4 45. Qxh7 Rd2+ 46. Kf1 Rd1+ 47. Ke2 Rg1 48.
Kf2 Rd1 49. Bf7 Rd2+ 50. Ke1 Nf8 51. Qg7+ Kf5 52. Kxd2 Ne6 53. Qg6+ Ke5 54. Qxe6+ Kd4 55. Qd5# 1-0

[Event "*** SCC Grand Prix: Titled Tuesday Blitz"]
[Site "Chess.com"]
[Date "2020.07.14"]
[Round "3"]
[White "26andrej26"]
[Black "EfM13"]
[Result "0-1"]
[WhiteElo "2518"]
[BlackElo "2234"]
[TimeControl "180+1"]
[EndTime "10:28:50 PDT"]
[Termination "EfM13 won by checkmate"]

1. e4 g6 2. d4 Bg7 3. Nc3 d6 4. f4 Nc6 5. Be3 Nf6 6. d5 Nb8 7. Nf3 O-O 8. Qd2 c6 9. dxc6 Nxc6 10. O-O-O Qa5 11. Kb1 b5 12. Bd3 b4 13. Ne2 Rb8 14.
Ned4 Bb7 15. Nb3 Qc7 16. e5 dxe5 17. Nxe5 a5 18. Nc5 Nxe5 19. fxe5 Qxe5 20. Na4 Nd5 21. Rhe1 Nxe3 22. Qxe3 Qh5 23. g3 Bc6 24. Nc5 a4 25. h4 a3 26. Be2 Qf5 27. Nd3 axb2 28. Rf1 Qa5 29. Qc5 Qa4 30. Rxf7 Rxf7 31. Qc4 Ra8 32. Nf4 b3 33. Qxb3 Qxb3 34. axb3 Ra1# 0-1

[Event "*** SCC Grand Prix: Titled Tuesday Blitz"]
[Site "Chess.com"]
[Date "2020.07.14"]
[Round "3"]
[White "garfield_pg"]
[Black "pooh2012"]
[Result "0-1"]
[WhiteElo "2211"]
[BlackElo "2482"]
[TimeControl "180+1"]
[EndTime "10:28:51 PDT"]
[Termination "pooh2012 won by checkmate"]

1. e4 d6 2. d4 Nf6 3. Nc3 Nbd7 4.
Nf3 e5 5. Bc4 Be7 6. O-O O-O 7.
Re1 c6 8. a4 a5 9. b3 Qc7 10. Ba3 Re8 11. d5 Nb6 12. Nxe5 cxd5 13. Nxd5 Nfxd5 14. exd5 Bf6 15. Nd3 Rxe1+ 16. Qxe1 Bd7 17.
Bb2 Nxc4 18. Bxf6 gxf6 19. bxc4 Qxc4 20. Qe7 Qd4 21. Re1 Bxa4 22. Qxd6 Bxc2 23. Nf4 Bg6 24. Nxg6 hxg6 25. Qd7 Qb4 26. Rd1 a4 27. d6 Qb3 28.
Re1 a3 29. Re8+ Rxe8 30. Qxe8+ Kg7 31. h4 a2 32. d7 a1=Q+ 33. Kh2 Qc4 34. d8=Q Qxh4# 0-1

[Event "*** SCC Grand Prix: Titled Tuesday Blitz"]
[Site "Chess.com"]
[Date "2020.07.14"]
[Round "3"]
[White "econpower"]
[Black "GeorgMeier"]
[Result "1/2-1/2"]
[WhiteElo "2674"]
[BlackElo "2959"]
[TimeControl "180+1"]
[EndTime "10:28:52 PDT"]
[Termination "Game drawn by repetition"]

1. c4 b6 2. d4 e6 3. e4 Bb7 4. d5 Bb4+ 5. Bd2 Qe7 6. Bxb4 Qxb4+ 7. Qd2 Qxd2+ 8. Kxd2 c6 9. Nc3 f6 10. f4 Nh6 11. Nf3 Nf7 12. Re1 O-O 13. Bd3 Na6 14. a3 Rfe8 15. b4 cxd5 16. cxd5 Nc7 17. Bc4 exd5 18.
Nxd5 Bxd5 19. Bxd5 Nxd5 20. exd5 Nd6 21. Kd3 Kf7 22.
Rxe8 Rxe8 23. Rc1 Ra8 24. a4 a5 25. b5 Ke7 26. Nd4 g6 27. g4 Nb7 28. Nb3 Kd6 29. Nd2 Nc5+ 30. Kd4 Nxa4 31. Ne4+ Ke7 32. d6+ Ke6 33. f5+ gxf5 34. gxf5+ Kxf5 35. Rf1+ Kg6 36. Rxf6+ Kg7 37. Rf2 Rf8 38. Rxf8 Kxf8 39. Nf6 Nc5 40. Nd5 Na4 41. Nf6 Nc5 42. Nd5 Na4 43. Nf6 1/2-1/2

[Event "*** SCC Grand Prix: Titled Tuesday Blitz"]
[Site "Chess.com"]
[Date "2020.07.14"]
[Round "3"]
[White "GaboSalazar2001"]
[Black "Artyom_ChessMate"]
[Result "0-1"]
[WhiteElo "2307"]
[BlackElo "2508"]
[TimeControl "180+1"]
[EndTime "10:28:52 PDT"]
[Termination "Artyom_ChessMate won on time"]

1. e4 e5 2. Nf3 Nc6 3. Bb5 a6 4. Ba4 Nf6 5. d3 b5 6. Bb3 Be7 7. Nc3 O-O 8. O-O d6 9. a3 Be6 10. Nd5 Nd4 11. Nxd4 exd4 12. Nxe7+ Qxe7 13. Bxe6 fxe6 14. f4 c5 15. Qe1 Rac8 16. f5 exf5 17. Rxf5 Nd7 18. Bg5 Qe6 19. Rxf8+ Rxf8 20. Qe2 d5 21. Rf1 Re8 22. Qh5 g6 23. Qf3 dxe4 24. dxe4 Rf8 25. Qe2 Rxf1+ 26. Kxf1 c4 27. Qf3 Nc5 28. Qf6 Qf7 29.
Qxf7+ Kxf7 30. e5 Ke6 31. Bf4 Nd7 32. Ke2 Nxe5 33. Bd2 Kd5 34. h3 Ke4 35. Be1 d3+ 36. cxd3+ cxd3+ 37. Kd1 Nc4 38. Bg3 Nxb2+ 39. Kc1 Nc4 0-1

[Event "*** SCC Grand Prix: Titled Tuesday Blitz"]
[Site "Chess.com"]
[Date "2020.07.14"]
[Round "3"]
[White "mishanick"]
[Black "Ranindu2003"]
[Result "1-0"]
[WhiteElo "2850"]
[BlackElo "2607"]
[TimeControl "180+1"]
[EndTime "10:28:53 PDT"]
[Termination "mishanick won by resignation"]

1. d4 Nf6 2. c4 e6 3. Nf3 d5 4.
Nc3 a6 5. cxd5 exd5 6. Qb3 h6 7. g3 Be7 8. Bg2 O-O 9. O-O b5 10. Ne5 Bb7 11. Bf4 b4 12. a3 a5 13. axb4 Bxb4 14. Nd3 Na6 15. e3 Ne4 16. Rfc1 Nd2 17. Qc2 Nc4 18. b3 Nb6 19. h4 g5 20. hxg5 hxg5 21.
Be5 f6 22. Nxb4 Nxb4 23. Qg6+ Kh8 24. Bf3 Qe7 25. Kg2 Qg7 26. Qxg7+ Kxg7 27. Bxc7 Nd7 28.
Bxa5 Nc6 29. b4 Rfc8 30. Nxd5 Nxa5 31. bxa5 Rxc1 32. Rxc1 Bxd5 33. Bxd5 Rxa5 34. Bf3 Nb6 35. Rc7+ Kg6 36. Be4+ f5 37. Rc6+ Kf7 38. Bxf5 Rxf5 39. Rxb6 1-0

[Event "*** SCC Grand Prix: Titled Tuesday Blitz"]
[Site "Chess.com"]
[Date "2020.07.14"]
[Round "3"]
[White "reniite"]
[Black "freshfoodcompany"]
[Result "0-1"]
[WhiteElo "1907"]
[BlackElo "2250"]
[TimeControl "180+1"]
[EndTime "10:28:53 PDT"]
[Termination "freshfoodcompany won by resignation"]

1. e4 c5 2. Nf3 Nc6 3. d4 cxd4 4.
Nxd4 Nf6 5. Nc3 e5 6. Ndb5 d6 7. Nd5 Nxd5 8. exd5 Nb8 9. a4 Be7 10. Be2 O-O 11. O-O a6 12. Na3 Nd7 13. Nc4 f5 14. f4 Bf6 15. c3 exf4 16. Bxf4 Ne5 17. Qb3 Nxc4 18. Bxc4 Qc7 19. Rfe1 Rb8 20. Qb4 Rd8 21. a5 b5 22. axb6 Rxb6 23. Qa5 Qxc4 24. Qxb6 Qxf4 25. Rf1 Qc4 26. Rae1 Qxd5 27. Rd1 Qc5+ 28.
Qxc5 dxc5 29. Rxd8+ Bxd8 30. Rd1 Be7 31. Re1 Kf7 32.
Kf2 Be6 33. Rd1 Bc4 34. Ra1 Bd6 35. b3 Bxb3 36. Rxa6 Be7 37. Ra7 Kf6 38. Ke3 c4 39.
Ra6+ Kg5 40. Ra7 Bc5+ 41. Kf3 Bxa7 42. g3 Bd1+ 0-1

[Event "*** SCC Grand Prix: Titled Tuesday Blitz"]
[Site "Chess.com"]
[Date "2020.07.14"]
[Round "3"]
[White "DonBroca"]
[Black "random_mango"]
[Result "1-0"]
[WhiteElo "2135"]
[BlackElo "2360"]
[TimeControl "180+1"]
[EndTime "10:28:54 PDT"]
[Termination "DonBroca won by checkmate"]

1. c4 c6 2. Nc3 Nf6 3. d4 d5 4. Nf3 a6 5. e3 Bf5 6. Be2 h6 7. h3 e6 8. O-O Be7 9. Re1 O-O 10. Nh2 Nbd7 11. c5 e5 12. f4 exf4 13. exf4 Ne4 14. Nxe4 Bxe4 15. Bf3 Bh4 16. Re3 f5 17. Bxe4 fxe4 18.
g3 Be7 19. Ng4 h5 20. Ne5 Nxe5 21. fxe5 h4 22. Qg4 Bg5 23. Re2 Bxc1 24. Rxc1 Rf3 25. gxh4 Qc8 26. Kh2 Qf8 27. Rg1 Qf4+ 28. Qxf4 Rxf4 29.
Reg2 Rf7 30. h5 Kh7 31. Rg6 Raf8 32. Rd6 Rf2+ 33. Rg2 e3 34. e6 Rxg2+ 35. Kxg2 e2 36. e7 Re8 37. Re6 g5 38. hxg6+ Kg7 39. Rxe2 Kxg6 40.
h4 Kf7 41. h5 Rxe7 42. Rxe7+ Kxe7 43. Kg3 Kf6 44. Kf4 a5 45. a4 Kf7 46. Kf5 Kg7 47.
Ke6 b5 48. cxb6 c5 49. Kxd5 c4 50. Kxc4 Kh6 51. b7 Kxh5 52. b8=Q Kg4 53. Qe5 Kf3 54. d5 Kf2 55. d6 Kg2 56. d7 Kf3 57. d8=Q Kg4 58.
Qf8 Kh3 59. Qeg7 Kh4 60. Qfh8# 1-0

[Event "*** SCC Grand Prix: Titled Tuesday Blitz"]
[Site "Chess.com"]
[Date "2020.07.14"]
[Round "3"]
[White "Baronessa08"]
[Black "CrushingKings"]
[Result "0-1"]
[WhiteElo "2359"]
[BlackElo "2557"]
[TimeControl "180+1"]
[EndTime "10:28:55 PDT"]
[Termination "CrushingKings won on time"]

1. d4 Nf6 2. c4 e6 3. Nc3 Bb4 4.
Qc2 O-O 5. a3 Bxc3+ 6. Qxc3 b6 7. Bg5 Bb7 8. e3 d6 9. Ne2 Nbd7 10. Qc2 h6 11. Bh4 Qe8 12. Nc3 e5 13. d5 a5 14. Be2 Nc5 15. Bxf6 gxf6 16. O-O a4 17. Bg4 Bc8 18. Bf5 Kh8 19. Ne2 Rg8 20. Ng3 b5 21.
e4 bxc4 22. Qxc4 Ba6 23. Qc1 Qf8 24. Rd1 Nb3 25. Qxc7 Nxa1 26. Rxa1 Bc8 27. Qb6 h5 28. Bxc8 Rxc8 29. Nf5 Qd8 30. Qe3 Rg6 31. h4 Rc2 32. Qf3 Rg4 33. Ng3 Rxh4 0-1

[Event "*** SCC Grand Prix: Titled Tuesday Blitz"]
[Site "Chess.com"]
[Date "2020.07.14"]
[Round "3"]
[White "Escanor89"]
[Black "ZverevLev"]
[Result "1-0"]
[WhiteElo "2526"]
[BlackElo "2338"]
[TimeControl "180+1"]
[EndTime "10:28:55 PDT"]
[Termination "Escanor89 won on time"]

1. c4 e5 2. Nc3 Nf6 3. Nf3 Nc6 4. e3 d5 5. cxd5 Nxd5 6. Bb5 Nxc3 7. bxc3 Bd6 8. d4 exd4 9. cxd4 O-O 10. O-O Bd7 11.
Be2 Re8 12. Bb2 Nb4 13. a3 Nd5 14. Rc1 c6 15. Re1 Bf5 16. Qb3 Qd7 17. Nd2 Be6 18.
Qd1 f5 19. Nc4 Bf8 20. Ne5 Qd6 21. Bf3 Nf6 22. Be2 Nd5 23. Qd2 g6 24. f3 Bh6 25. Bf1 Rad8 26. f4 Nf6 27. Qa5 a6 28. Bc3 Nd5 29. Bd2 Nf6 30. Bb4 Qd5 31. Qb6 Nd7 32. Qxb7 Nxe5 33. dxe5 Qe4 34. Qxc6 Bd5 35. Qc2 Rc8 36. Qxe4 Bxe4 37. Bd6 Rcd8 38. Bxa6 Ra8 39. Bb5 Red8 40. a4 1-0

[Event "*** SCC Grand Prix: Titled Tuesday Blitz"]
[Site "Chess.com"]
[Date "2020.07.14"]
[Round "3"]
[White "ikhasu"]
[Black "Gusarov91"]
[Result "1-0"]
[WhiteElo "2427"]
[BlackElo "2627"]
[TimeControl "180+1"]
[EndTime "10:28:56 PDT"]
[Termination "ikhasu won by resignation"]

1. d4 Nf6 2. Nf3 g6 3. Nc3 d5 4.
Bf4 Bg7 5. e3 Bg4 6. Be2 O-O 7.
Ne5 Bxe2 8. Qxe2 c6 9. h4 Nbd7 10. O-O-O Qa5 11. f3 Nxe5 12. Bxe5 b5 13. a3 b4 14.
axb4 Qxb4 15. Qd3 a5 16. Na2 Qb6 17. Qa3 Ra7 18. Nc3 Qb4 19. Na4 Nd7 20. Bxg7 Kxg7 21. Rd3 Rb8 22. Rb3 Qxa3 23. Rxa3 Rb4 24. c3 Rb8 25.
Kc2 e5 26. Rha1 exd4 27. cxd4 Kh6 28. Rc3 Ra6 29. Nc5 Nxc5 30. Rxc5 Rb5 31. Ra3 Rxc5+ 32. dxc5 a4 33. Kc3 Ra5 34. b4 Ra8 35. g3 Kg7 36. Ra1 Kf6 37. Kb2 Ke5 38. Rd1 a3+ 39. Ka2 f5 40. Rd3 Ra4 41. Rd4 h6 42. f4+ Kf6 43.
b5 Ra8 44. bxc6 Rc8 45. Rxd5 Rxc6 46. Kxa3 Ke6 47. Re5+ Kf6 48. Kb4 Ra6 49. Kb5 Ra1 50.
c6 Rb1+ 51. Ka6 Rc1 52. Kb6 g5 53. hxg5+ hxg5 54. c7 gxf4 55. gxf4 Rb1+ 56. Rb5 Rc1 57. Rc5 Rb1+ 58. Kc6 1-0

[Event "*** SCC Grand Prix: Titled Tuesday Blitz"]
[Site "Chess.com"]
[Date "2020.07.14"]
[Round "3"]
[White "Forantes"]
[Black "iaraldinho"]
[Result "1/2-1/2"]
[WhiteElo "2362"]
[BlackElo "2543"]
[TimeControl "180+1"]
[EndTime "10:28:56 PDT"]
[Termination "Game drawn - insufficient material"]

1. Nf3 f5 2. g3 Nf6 3. Bg2 g6 4. d4 Bg7 5. O-O O-O 6. c4 d6 7. Nc3 Qe8 8. d5 a5 9. Nd4 Na6 10. b3 Bd7 11. Bb2 c6 12. dxc6 bxc6 13. Re1 Nc5 14.
Qc2 Rb8 15. Rad1 a4 16. Ba3 axb3 17. axb3 Ne6 18. Nxe6 Bxe6 19. e4 fxe4 20. Nxe4 Nxe4 21. Qxe4 Bf5 22. Qxe7 Qxe7 23. Rxe7 Rxb3 24. Bxd6 Rd8 25. Bxc6 Bh3 26. Re8+ Rxe8 27. Bxe8 Bd4 28. Bc6 Rb2 29.
Bd5+ Kg7 30. Bg2 Bxf2+ 31. Kh1 Bxg2+ 32. Kxg2 Bc5+ 33. Kh3 Bxd6 34. Rxd6 Rc2 35. Rc6 h5 36. g4 hxg4+ 37. Kg3 Kh6 38. Rc8 Kh5 39. c5 Rc3+ 40. Kg2 Kh4 41. Rh8+ Kg5 42. Rc8 Kf4 43.
Rf8+ Ke5 44. Rc8 Kd5 45. c6 Kd6 46. Rg8 Kxc6 47. Rxg6+ Kd7 48. Rxg4 Ke6 49. h4 Kf5 50. Rg3 Rc2+ 51. Kh3 Rc1 52. Rg2 Rh1+ 53. Kg3 Kg6 54.
Kg4 Kh6 55. Rf2 Rg1+ 56. Kh3 Rg8 57. Rg2 Rxg2 58. Kxg2 Kh5 59. Kg3 Kh6 60. Kh3 Kh7 61.
Kg3 Kh8 62. Kg4 Kh7 63. h5 Kh8 64. h6 Kh7 65. Kf3 Kh8 66. Kg3 Kh7 67. Kf3 Kxh6 1/2-1/2

[Event "*** SCC Grand Prix: Titled Tuesday Blitz"]
[Site "Chess.com"]
[Date "2020.07.14"]
[Round "3"]
[White "VovenRogel"]
[Black "karinachess1"]
[Result "1-0"]
[WhiteElo "2725"]
[BlackElo "2510"]
[TimeControl "180+1"]
[EndTime "10:28:57 PDT"]
[Termination "VovenRogel won on time"]

1. d4 Nf6 2. c4 e6 3. Nf3 d5 4.
Nc3 Be7 5. Bf4 O-O 6. e3 b6 7. Bd3 Bb7 8. cxd5 Nxd5 9. Nxd5 Qxd5 10. O-O c5 11. dxc5 Bxc5 12. Qc2 Qh5 13. Be4 Bxe4 14.
Qxe4 Nd7 15. a3 Nf6 16. Qb7 Qd5 17.
Qa6 Qb3 18. Be5 Ne4 19. Rac1 Rfd8 20. Nd4 Qd5 21. Nf3 Qb3 22. Bc7 Rd7 23. Qb7 Rf8 24. Ne5 Rd5 25. Nc4 Nd2 26. Nxd2 Rxd2 27. Be5 Bxe3 28.
Rc3 Bxf2+ 29. Rxf2 Rd1+ 30. Rf1 Rxf1+ 31. Kxf1 Qxb2 32.
Qf3 Qb1+ 33. Kf2 f6 34. Bd6 Rd8 35. Rd3 Qa2+ 36. Kg3 1-0

[Event "*** SCC Grand Prix: Titled Tuesday Blitz"]
[Site "Chess.com"]
[Date "2020.07.14"]
[Round "3"]
[White "Fischerev7"]
[Black "tapu2"]
[Result "1-0"]
[WhiteElo "2359"]
[BlackElo "2524"]
[TimeControl "180+1"]
[EndTime "10:28:57 PDT"]
[Termination "Fischerev7 won by resignation"]

1. e4 e5 2. Bc4 Nf6 3. d3 Nc6 4.
Nc3 Bc5 5. f4 d6 6. Nf3 exf4 7.
Bxf4 O-O 8. Na4 d5 9. Nxc5 dxc4 10. O-O cxd3 11. cxd3 b6 12. Nb3 Qd7 13. Qe2 Ba6 14. Rfd1 Rfe8 15. Qe3 Ng4 16. Qe2 Nge5 17. Nxe5 Nxe5 18.
Bxe5 Rxe5 19. Qf3 Rae8 20. Rac1 c5 21. h3 Bb7 22. Rf1 f6 23. Nd2 R5e7 24. Nc4 Rd8 25. Rcd1 Qd4+ 26. Kh1 Ba6 27. b3 Bxc4 28. dxc4 Rxe4 29.
Rxd4 Rexd4 30. Qf5 R4d6 31. Qe4 h6 32. Re1 R8d7 33. Qg6 Rd8 34. Re8+ Rxe8 35. Qxe8+ Kh7 36. Qe4+ Kg8 37. Qe7 Rd1+ 38. Kh2 Rd2 39. Qxa7 f5 40. a4 f4 41. Qa8+ 1-0

[Event "*** SCC Grand Prix: Titled Tuesday Blitz"]
[Site "Chess.com"]
[Date "2020.07.14"]
[Round "3"]
[White "Igor_Lysyj"]
[Black "Houdinovic"]
[Result "1-0"]
[WhiteElo "2814"]
[BlackElo "2597"]
[TimeControl "180+1"]
[EndTime "10:28:58 PDT"]
[Termination "Igor_Lysyj won by resignation"]

1. d4 Nf6 2. c4 e6 3. Nf3 c5 4.
d5 exd5 5. cxd5 d6 6. Nc3 g6 7. Bf4 a6 8. a4 Bg7 9. h3 O-O 10. e3 Ne8 11. Be2 Nd7 12. O-O Qe7 13.
Qc2 Rb8 14. a5 f5 15. Rfe1 Ne5 16. Nd2 Nc7 17. Bh2 Bd7 18. Rab1 Nb5 19. Bf1 Rbc8 20. Qb3 Qe8 21. f4 Nf7 22. Nc4 Nxc3 23. bxc3 Bb5 24. Qc2 Rc7 25. e4 fxe4 26. Rxe4 Qd8 27. Rbe1 Qf6 28.
R1e3 Qf5 29. Qd2 Rd8 30. g4 Qf6 31. Re6 Qh4 32. Bg3 Qh6 33. Kg2 Bf8 34. g5 Qg7 35.
Be2 Rdd7 36. h4 Re7 37. Nb6 Nd8 38. f5 gxf5 39. Bxd6 Rxe6 40. dxe6 Bxd6 41. Qxd6 Qe7 42. Qxc7 Qd7 1-0

[Event "*** SCC Grand Prix: Titled Tuesday Blitz"]
[Site "Chess.com"]
[Date "2020.07.14"]
[Round "3"]
[White "Jabberwockiez"]
[Black "sotochess"]
[Result "1-0"]
[WhiteElo "2295"]
[BlackElo "2428"]
[TimeControl "180+1"]
[EndTime "10:28:58 PDT"]
[Termination "Jabberwockiez won by resignation"]

1. e4 d5 2. exd5 Qxd5 3. Nc3 Qa5 4. d4 Nf6 5. Bd2 Qb6 6. Nf3 c6 7. Bc4 Qxb2 8. O-O Qb6 9. Re1 e6 10. d5 cxd5 11. Rb1 Qd8 12. Bb5+ Nbd7 13. Bg5 Be7 14.
Bxf6 gxf6 15. Qd2 h5 16. Nd4 a6 17. Ba4 b5 18. Nc6 Qc7 19. Nxe7 bxa4 20. Nexd5 Qc5 21. Nxa4 Qa3 22. Nc7+ Ke7 23. Nxa8 Qxa4 24. Nc7 Qc6 25. Nd5+ Kf8 26. Nf4 Kg7 27. Qe2 Ne5 28. Nxh5+ Kf8 29. Ng3 Ng6 30. Rb8 Kg7 31. Nh5+ Kh6 32. Nxf6 Qc7 33. Rb3 Kg7 34. Ng4 f5 35. Rg3 fxg4 36. Qxg4 e5 37. Qxg6+ Kf8 38. Qf6+ 1-0

[Event "*** SCC Grand Prix: Titled Tuesday Blitz"]
[Site "Chess.com"]
[Date "2020.07.14"]
[Round "3"]
[White "Xeniya2005"]
[Black "GoltsevDmitry2000"]
[Result "0-1"]
[WhiteElo "2373"]
[BlackElo "2564"]
[TimeControl "180+1"]
[EndTime "10:28:59 PDT"]
[Termination "GoltsevDmitry2000 won on time"]

1. e4 c5 2. Be2 e6 3. f4 Nc6 4. Nf3 d5 5. e5 Nge7 6. c3 Nf5 7. g4 Nh4 8. d3 Nxf3+ 9. Bxf3 Qh4+ 10. Ke2 h6 11. Be3 b6 12. Qa4 Bd7 13. Qc2 Rc8 14. Nd2 Nd4+ 15. cxd4 cxd4 16. Qb3 dxe3 17.
Kxe3 g5 18. f5 exf5 19. Rac1 d4+ 20. Ke2 Rxc1 21. Rxc1 Qxh2+ 22. Kd1 Qxe5 23. gxf5 Bc5 24. Nc4 Qxf5 25. Be4 Qf2 26. Ne5 O-O 27. Nxd7 Rc8 28. Nxc5 bxc5 29. Rc2 Qf1+ 30. Kd2 Kg7 31. Qc4 Rc7 32.
Qd5 Qf4+ 0-1

[Event "*** SCC Grand Prix: Titled Tuesday Blitz"]
[Site "Chess.com"]
[Date "2020.07.14"]
[Round "3"]
[White "Shivagami"]
[Black "Sanyura"]
[Result "0-1"]
[WhiteElo "2210"]
[BlackElo "2464"]
[TimeControl "180+1"]
[EndTime "10:28:59 PDT"]
[Termination "Sanyura won on time"]

1. d4 d5 2. c4 c6 3. Bf4 Nf6 4. e3 e6 5. Nc3 Be7 6. Nf3 O-O 7. Ne5 Nbd7 8. Bd3 Nxe5 9. Bxe5 Nd7 10. Bg3 dxc4 11.
Bxc4 b5 12. Bd3 Nf6 13. O-O Bd6 14. Bh4 Be7 15. Ne2 a5 16. e4 Nd7 17. Bg3 Ba6 18. f4 c5 19. Bf2 cxd4 20. Nxd4 Nc5 21. Bc2 Rc8 22. Re1 Qc7 23. e5 Rfd8 24. Re3 g6 25. Rh3 b4 26. Qg4 Nd3 27. Bxd3 Bxd3 28. Rxd3 Qc4 29. Rd2 a4 30. b3 Qc3 31. Rad1 a3 32. Rc2 Qb2 33. Rxb2 axb2 34. Be3 Bc5 35. Rb1 Bxd4 36.
Bxd4 Rc1+ 37. Qd1 Rxd1+ 38. Rxd1 Rxd4 39. Rb1 Rd2 40. Kf1 Rc2 41. Kg1 Rc1+ 0-1

[Event "*** SCC Grand Prix: Titled Tuesday Blitz"]
[Site "Chess.com"]
[Date "2020.07.14"]
[Round "3"]
[White "Raja3401"]
[Black "RoelandPruijssers"]
[Result "0-1"]
[WhiteElo "2770"]
[BlackElo "2603"]
[TimeControl "180+1"]
[EndTime "10:29:00 PDT"]
[Termination "RoelandPruijssers won by resignation"]

1. e4 d5 2. exd5 Qxd5 3. Nc3 Qa5 4. d4 Nf6 5. Nf3 Bf5 6. Bc4 e6 7. Qe2 Bb4 8. O-O O-O 9. Bd2 Nc6 10. a3 Bxc3 11.
Bxc3 Qb6 12. Bb3 Ne4 13. Be1 Nxd4 14. Nxd4 Qxd4 15. Rd1 Qxb2 16. f3 Nc3 17. Bxc3 Qxc3 18.
Rd7 Rad8 19. Rfd1 Rxd7 20. Rxd7 Qc5+ 21. Qf2 Qxa3 22. g4 Bg6 23. Rxc7 b6 24. Qd4 Qa5 25. Kg2 h5 26. Bxe6 Qe1 27. Bf5 Qe2+ 28. Kg3 h4+ 29. Kh3 Qxf3+ 30. Kxh4 Bxf5 31. gxf5 Qxf5 32. Rxa7 Qxc2 33.
Qf4 b5 34. Rb7 Qe2 35. Rc7 Qe6 36. Rc5 Qe2 37. Rg5 Rc8 38. Qg3 Rc4+ 39. Kh3 Qe6+ 40. Kg2 Rc2+ 41. Kf3 Rc3+ 0-1

[Event "*** SCC Grand Prix: Titled Tuesday Blitz"]
[Site "Chess.com"]
[Date "2020.07.14"]
[Round "3"]
[White "llamalord42"]
[Black "kingnb"]
[Result "0-1"]
[WhiteElo "2347"]
[BlackElo "2542"]
[TimeControl "180+1"]
[EndTime "10:29:00 PDT"]
[Termination "kingnb won by resignation"]

1. e4 d5 2. exd5 Nf6 3. Nf3 Nxd5 4. d4 Bf5 5. Be2 e6 6. O-O Be7 7. Re1 O-O 8. c3 c5 9. dxc5 Bxc5 10. Nbd2 Nc6 11. Nb3 Bb6 12. Nfd4 Bg6 13. Nxc6 bxc6 14. Bf3 Qc7 15. a4 a5 16. Nd4 Rad8 17. Bg5 Rd7 18.
Bh4 e5 19. Bg3 Re8 20. Qb3 Bxd4 21. cxd4 Rb8 22. Qc4 Rb4 23. Qc5 Rxb2 24. dxe5 Qb7 25.
h4 Bf5 26. Qxa5 h6 27. Rec1 Be6 28. Qc5 Nb4 29. Rc3 Bd5 30. Bg4 Rd8 31. a5 Na6 32. Qe3 Qb4 33. Be2 Rxe2 34. Qxe2 Qxc3 35. Rb1 Qxa5 36. e6 Bxe6 37. Be5 Nc5 38. Ra1 Qd2 39. Qh5 Qd5 40. Ra7 Nd3 41. f4 Nxe5 42. fxe5 Qc5+ 43. Kh2 Qxa7 44. Qf3 Qd7 45. Qf4 Qd5 0-1

[Event "*** SCC Grand Prix: Titled Tuesday Blitz"]
[Site "Chess.com"]
[Date "2020.07.14"]
[Round "3"]
[White "Chessdemon2019"]
[Black "Nf3c5"]
[Result "1-0"]
[WhiteElo "2354"]
[BlackElo "2514"]
[TimeControl "180+1"]
[EndTime "10:29:00 PDT"]
[Termination "Chessdemon2019 won on time"]

1. e4 c5 2. Nf3 d6 3. d4 cxd4 4. Nxd4 Nf6 5. f3 a6 6. c4 g6 7. Be3 Bg7 8. Nc3 O-O 9. Qd2 Nc6 10. Be2 Bd7 11. O-O Nxd4 12. Bxd4 a5 13. Rab1 Bc6 14. Rfc1 Nd7 15. Be3 Nc5 16. b3 f5 17.
exf5 gxf5 18. Nd5 e6 19. Bg5 Qd7 20. Ne7+ Kh8 21. Nxc6 bxc6 22. Be3 Qe7 23. Rd1 Rad8 24. Bg5 Bf6 25. Bxf6+ Qxf6 26. Qxa5 Rg8 27. Qd2 e5 28. b4 Ne6 29. b5 c5 30. Kh1 Rg7 31. b6 Nd4 32.
Rb2 Rg6 33. b7 Rb8 34. a4 Qg7 35. Bd3 Rxb7 36. Rxb7 Qxb7 37. Rb1 Qc8 38. a5 Qc6 39. Qf2 Kg7 40. Rb6 Qa4 41. a6 Qa5 42. Rb7+ Kg8 43. a7 Qa1+ 44. Qf1 Qa6 45. Rb8+ Kg7 46. a8=Q Qxa8 47.
Rxa8 1-0

[Event "*** SCC Grand Prix: Titled Tuesday Blitz"]
[Site "Chess.com"]
[Date "2020.07.14"]
[Round "3"]
[White "bocah_sakit"]
[Black "Firouzja2003"]
[Result "0-1"]
[WhiteElo "2699"]
[BlackElo "3076"]
[TimeControl "180+1"]
[EndTime "10:29:01 PDT"]
[Termination "Firouzja2003 won by resignation"]

1. e4 c5 2. Nf3 d6 3. d4 cxd4 4. Nxd4 Nf6 5. Nc3 Nc6 6. Bg5 e6 7. f4 Qb6 8. Nb3 h6 9. Bxf6 gxf6 10. Qf3 a6 11. O-O-O Bd7 12. Kb1 Rc8 13. Qh5 Qc7 14. Bd3 b5 15. Rhe1 b4 16. Nd5 exd5 17. exd5+ Ne7 18.
Nd4 Bg7 19. Bf5 Kf8 20. Bxd7 Qxd7 21. f5 Rc5 22. g4 Rxd5 23. Ne2 Re5 24. Nf4 d5 25.
Nd3 Qd6 26. Nxe5 fxe5 27. h4 a5 28. g5 hxg5 29. Qxg5 Qf6 30. Qg3 Rxh4 31. c3 bxc3 32. Qxc3 e4 33. Qb3 Qe5 34. Rc1 Rh2 35. Rc2 Rxc2 36.
Qxc2 Qxf5 37. Rc1 e3 38. a3 d4 39. Qxf5 Nxf5 40. Kc2 Nh4 41. Kd3 Be5 42. Ke4 f6 43. Rh1 Ng2 44. Kf3 Nf4 45. b4 axb4 46. axb4 e2 47. b5 d3 48. Ke3 Ng2+ 49. Kxd3 e1=Q 50. Rxe1 Nxe1+ 0-1

[Event "*** SCC Grand Prix: Titled Tuesday Blitz"]
[Site "Chess.com"]
[Date "2020.07.14"]
[Round "3"]
[White "davidkalashian"]
[Black "atalz0"]
[Result "1/2-1/2"]
[WhiteElo "2568"]
[BlackElo "2394"]
[TimeControl "180+1"]
[EndTime "10:29:01 PDT"]
[Termination "Game drawn by repetition"]

1. e4 d5 2. exd5 Nf6 3. d4 Nxd5 4. Nf3 Bg4 5. Nc3 e6 6. Be2 Nc6 7. Ne4 Bf5 8. Ng3 Bg6 9. c3 Bd6 10. Bb5 O-O 11. Qe2 Nf4 12. Bxf4 Bxf4 13. Bxc6 bxc6 14. Ne5 Qd5 15. Nxg6 hxg6 16. O-O c5 17. Rfd1 Rab8 18. b3 Rfd8 19. c4 Qc6 20. dxc5 Bxg3 21. hxg3 Qxc5 22. Qe4 a5 23. Qh4 g5 24. Qe4 g6 25. Qe2 a4 26.
bxa4 Rxd1+ 27. Rxd1 Rb4 28. Qf3 Rxc4 29. Qf6 Rc1 30.
Rxc1 Qxc1+ 31. Kh2 Qc4 32. a5 Qxa2 33. Qd8+ Kg7 34. Qxc7 Qxf2 35. a6 Qe2 36. a7 Qh5+ 37. Kg1 Qd1+ 38. Kf2 Qd2+ 39. Kf3 Qd3+ 40. Kf2 Qd2+ 41.
Kf1 Qd1+ 42. Kf2 Qd2+ 1/2-1/2

[Event "*** SCC Grand Prix: Titled Tuesday Blitz"]
[Site "Chess.com"]
[Date "2020.07.14"]
[Round "3"]
[White "GMJustin"]
[Black "Klavdia_Nik"]
[Result "0-1"]
[WhiteElo "2285"]
[BlackElo "2070"]
[TimeControl "180+1"]
[EndTime "10:29:02 PDT"]
[Termination "Klavdia_Nik won on time"]

1. d4 Nf6 2. c4 c5 3. d5 b5 4.
Qc2 d6 5. e4 bxc4 6. Bxc4 g6 7.
Nc3 Bg7 8. Nf3 O-O 9. h3 Ba6 10.
Nd2 Nfd7 11. O-O Qa5 12. a4 Ne5 13. Bxa6 Nxa6 14. Nb5 Nb4 15. Qb3 a6 16. Nc3 Nbd3 17. Nc4 Nxc4 18. Qxc4 Nxc1 19. Raxc1 Rab8 20. Rc2 Rb4 21. Qe2 Rfb8 22. f4 Bd4+ 23. Kh2 Qb6 24. Nd1 Bxb2 25. e5 Bd4 26. e6 f5 27. g4 Rf8 28.
Ne3 Rxa4 29. gxf5 Bxe3 30. Qxe3 Rxf5 31. Re1 Raxf4 32. Rg2 Qb4 33. Reg1 Kg7 34. Qg3 Qe4 35. Qc3+ Qe5 36. Qd2 Rd4+ 37. Kh1 Rxd2 0-1